 Dungeon Crawl Stone Soup version 0.19-a0-36-g4a0968a (webtiles) character file.

741 nubinia the Stinger (level 7, -4/42 HPs)
             Began as an Octopode Venom Mage on May 4, 2016.
             Slain by an ice beast (7 damage)
             ... on level 4 of the Dungeon.
             The game lasted 00:28:42 (7218 turns).

nubinia the Stinger (Octopode Venom Mage)           Turns: 7218, Time: 00:28:43

Health: -4/42      AC:  1    Str:  8    XL:     7   Next: 75%
Magic:  1/12       EV: 13    Int: 19    God:
Gold:   185        SH:  0    Dex: 12    Spells: 5 memorised, 2 levels left

rFire  . . .     SeeInvis .     l - staff of fire
rCold  + . .     Gourm    .     (no shield)
rNeg   . . .     Faith    .     (helmet restricted)
rPois  .         Spirit   .     (no amulet)
rElec  .         Dismiss  .     o - ring of ice
rCorr  .         Reflect  .     (no ring)
SustAt .         Harm     .     (no ring)
MR     .....                    (no ring)
Stlth  ++++......               (no ring)
                                (no ring)
                                (no ring)
                                (no ring)

@: very slightly contaminated, not resistant to hostile enchantments, stealthy
A: almost no armour, amphibious, 8 rings, constrict 8, camouflage 1, gelatinous
body 1
a: no special abilities


You were on level 4 of the Dungeon.
You were not hungry.

You visited 1 branch of the dungeon, and saw 5 of its levels.
You also visited: Sewer.

You collected 185 gold pieces.

Inventory:

Hand Weapons
 c - a +0 club
Magical Staves
 l - an uncursed staff of fire (weapon)
Jewellery
 k - an uncursed amulet of harm
 o - a ring of ice (left tentacle)
Scrolls
 e - a scroll of amnesia
 h - a scroll of recharging
 j - a scroll of teleportation
 m - a scroll of enchant armour {unknown}
 p - a scroll of enchant weapon {unknown}
 r - a scroll of immolation {unknown}
Potions
 f - a potion of resistance {unknown}
 n - 2 potions of curing {unknown}
 q - 2 potions of brilliance {unknown}
 s - a potion of magic {unknown}
 t - a potion of heal wounds {unknown}
 u - a potion of lignification
 v - a potion of haste
 w - a potion of cancellation
Books
 a - a Young Poisoner's Handbook

   Spells                             Type                      Level
   a - Sting                          Conjuration/Poison           1
   b - Cure Poison                    Poison                       2
   c - Mephitic Cloud                 Conjuration/Poison/Air       3
   d - Olgreb's Toxic Radiance        Poison                       4
   e - Venom Bolt                     Conjuration/Poison           5
 x - a book of Maledictions

   Spells                             Type                      Level
   a - Corona                         Hexes                        1
   b - Ensorcelled Hibernation        Hexes/Ice                    2
   c - Confuse                        Hexes                        3
   d - Tukima's Dance                 Hexes                        3
   e - Dazzling Spray                 Conjuration/Hexes            3
 y - a book of Air

   Spells                             Type                      Level
   a - Shock                          Conjuration/Air              1
   b - Swiftness                      Charms/Air                   2
   c - Repel Missiles                 Charms/Air                   2
   d - Static Discharge               Conjuration/Air              3
   e - Lightning Bolt                 Conjuration/Air              5
Comestibles
 b - 5 bread rations
 d - 2 beef jerkies
 i - 3 meat rations
 z - a slice of pizza


   Skills:
 + Level 0.8 Fighting
 + Level 0.6(1.0) Maces & Flails
 + Level 1.0(1.1) Staves
 + Level 3.1 Dodging
 + Level 4.2 Stealth
 + Level 3.8 Spellcasting
 * Level 4.4 Conjurations
 * Level 2.4 Air Magic
 - Level 6.0 Poison Magic


You had 2 spell levels left.
You knew the following spells:

 Your Spells              Type           Power        Failure   Level  Hunger
a - Sting                 Conj/Pois      ###.         1%          1    None
b - Shock                 Conj/Air       ###.         4%          1    None
c - Mephitic Cloud        Conj/Pois/Air  ###.....     10%         3    ###....
d - Olgreb's Toxic Radia  Pois           ####....     12%         4    ####...
p - Cure Poison           Pois           ####......   1%          2    ##.....


Dungeon Overview and Level Annotations

Branches:
Dungeon (5/15)
 Temple: D:4-7

Altars:
Gozag
Okawaru
Ru

Annotations:
D:5 Sigmund


Innate Abilities, Weirdness & Mutations

You cannot wear most types of armour.
You are amphibious.
You can wear up to eight rings at the same time.
You can use your tentacles to constrict eight enemies at once.
Your skin changes colour to match your surroundings (Stealth).
Your rubbery body absorbs attacks (AC +1).


Message History

Casting: Shock
Confirm with . or Enter, or press ? or * to list all spells.
Aiming: Shock
Press: ? - help, Shift-Dir - straight line The zap hits the ice beast.
The ice beast is almost dead.
The zap misses the ice beast.
The ice beast hits you.
* * * LOW HITPOINT WARNING * * *
The ice beast freezes you. You resist.
* * * LOW HITPOINT WARNING * * *
Casting: Shock
Confirm with . or Enter, or press ? or * to list all spells.
Aiming: Shock
Press: ? - help, Shift-Dir - straight line The zap hits the ice beast.
The ice beast appears unharmed.
The ice beast is almost dead.
The zap misses the ice beast.
The ice beast hits you.
* * * LOW HITPOINT WARNING * * *
The ice beast freezes you! You resist.
You die...

###..# #.#.# #.# .....#
#.#.# #.######### ##...#
#.#.# #.......... #...#
#.#.# ########### #...#
#>#.# # #...# ##.#.## #
#...# #....># ###########
#...######.###Y#####
#.......... ##..........#
#.@...###.#########
....#.#####.###.###.....#
#####.# #.....# #######
#.# ##.#### #####.# #.#
......######.#
.............#
......######## #######


You could see an ice beast.

Vanquished Creatures
  An ogre (D:5)
  A giant frog (D:3)
  An orc wizard (D:4)
  An orc priest (D:3)
  A centaur skeleton (D:4)
  A giant frog skeleton (D:5)
  An iguana (D:4)
  6 worker ants
  A worker ant zombie (D:5)
  8 adders
  A shadow imp (D:5)
  15 oozes
  A worm (D:3)
  4 dart slugs
  13 giant geckos
  10 orcs
  15 ball pythons
  15 giant cockroaches
  8 goblins
  8 hobgoblins
  2 jackals (D:2)
  6 bats
  16 giant newts
  9 kobolds
  8 rats
153 creatures vanquished.

Notes
Turn   | Place    | Note
--------------------------------------------------------------
     0 | D:1      | nubinia the Octopode Venom Mage began the quest for the Orb.
     0 | D:1      | Reached XP level 1. HP: 11/11 MP: 3/3
    45 | D:1      | Reached skill level 5 in Poison Magic
   174 | D:1      | Reached XP level 2. HP: 15/17 MP: 1/5
   343 | D:1      | Learned a level 2 spell: Cure Poison
   724 | D:1      | Reached XP level 3. HP: 21/21 MP: 2/6
   729 | D:1      | Learned a level 3 spell: Mephitic Cloud
  1279 | D:2      | Reached skill level 1 in Conjurations
  1637 | D:2      | Reached XP level 4. HP: 27/27 MP: 5/7
  2050 | D:2      | You fall through a shaft for 2 floors!
  2099 | D:4      | Found a glowing drain.
  2107 | Sewer    | Entered a sewer
  2633 | Sewer    | Reached skill level 6 in Poison Magic
  2730 | Sewer    | Reached XP level 5. HP: 31/31 MP: 6/8
  3814 | D:4      | Reached XP level 6. HP: 37/37 MP: 5/10
  3819 | D:4      | Reached skill level 1 in Air Magic
  3960 | D:4      | Learned a level 4 spell: Olgreb's Toxic Radiance
  4038 | D:4      | Found an iron altar of Okawaru.
  4707 | D:3      | Found an opulent altar of Gozag.
  4950 | D:3      | Found a sacrificial altar of Ru.
  5707 | D:3      | Reached XP level 7. HP: 32/42 MP: 5/12
  6592 | D:4      | Learned a level 1 spell: Shock
  6659 | D:5      | Entered Level 5 of the Dungeon
  6727 | D:5      | Noticed Sigmund
  6819 | D:5      | Reached skill level 1 in Staves
  7218 | D:4      | Slain by an ice beast

Vault maps used:
D:1:      lemuel_arrival_behind_the_door_small
D:2:      first_bread
D:3:      lemuel_crystal_altar, nicolae_ru_path_of_blood
D:4:      okawaru_gym_becter, lightli_sewer_entry_pipes
D:5:      overflow_temple_1_default, serial_shops, kennysheep_mini_moat,
          uniq_sigmund
Sewer:    sewer_frog_island_02

Skill      XL: |  1  2  3  4  5  6  7 |
---------------+----------------------+-----
Poison Magic   | 5 6 |  6.0
Stealth        | 3 4 |  4.2
Conjurations   | 1 3 4 |  4.4
Air Magic      | 1 2 |  2.4
Spellcasting   | 3 |  3.8
Dodging        | 3 |  3.1
Staves         | 1 |  1.0
Fighting       | |  0.8
Maces & Flails | |  0.6

Action                   |  1- 3 |  4- 6 |  7- 9 || total
-------------------------+-------+-------+-------++-------
Melee: Club              |    26 |     7 |       ||    33
       Constrict         |     9 |    16 |     8 ||    33
       Tentacles         |     6 |    29 |     5 ||    40
       Staff             |       |   118 |    25 ||   143
 Cast: Sting             |    51 |   174 |    32 ||   257
       Mephitic Cloud    |       |     7 |     3 ||    10
       Shock             |       |       |    27 ||    27
  Use: Scroll            |       |     6 |     1 ||     7
 Stab: Sleeping          |     6 |     3 |       ||     9
  Eat: Chunk             |     3 |    14 |     3 ||    20
       Royal jelly       |       |       |     1 ||     1
Armor: Skin              |     3 |     4 |     1 ||     8
Dodge: Dodged            |    18 |    83 |    20 ||   121
